 Dungeon Crawl Stone Soup version 0.26-a0-1038-gfb849e850a (webtiles) character file.

Game seed: 5105561244199167092

90936 Devinter the Sharpshooter (level 16, -4/122 HPs)
             Began as a Formicid Hunter on Aug 25, 2020.
             Was the Champion of Okawaru.
             Killed from afar by a manticore (11 damage)
             ... with a volley of spikes
             ... on level 15 of the Dungeon on Dec 11, 2020.
             The game lasted 03:03:08 (19829 turns).

Devinter the Sharpshooter (Formicid Hunter)        Turns: 19829, Time: 03:03:09

Health: -4/122     AC: 26    Str: 17    XL:     16   Next: 48%
Magic:  20/23      EV: 13    Int: 13    God:    Okawaru [******]
Gold:   1632       SH: 12    Dex: 14    Spells: 23/25 levels left

rFire    . . .     SeeInvis +   N - +7 scimitar of Change {drain, +Rage rPois rF- SInv}
rCold    + . .     Faith    .   E - +0 kite shield
rNeg     . . .     Spirit   .   u - +6 ring mail of Rationality {rElec Will++}
rPois    +         Reflect  .   (helmet unavailable)
rElec    +         Harm     .   G - scarf {rC+ rF+}
rCorr    +         Rampage  .   D - +2 pair of gloves
Will     +++..                  e - +0 pair of boots of the Hanged Man {rElec rCorr Dex-2 Slay+6}
Stlth    +.........             F - amulet of regeneration
HPRegen  0.70/turn              K - +4 ring of protection
MPRegen  0.18/turn              t - +4 ring of protection

@: finesse, barbed spikes
A: permanent stasis, dig shafts and tunnels, four strong arms, antennae 3
a: Dig, Shaft Self, Heroism, Finesse, Renounce Religion


You were on level 15 of the Dungeon.
You worshipped Okawaru.
Okawaru was exalted by your worship.
You visited 3 branches of the dungeon, and saw 22 of its levels.
You also visited: Ice Cave.

You collected 1632 gold pieces.

Inventory:

Hand Weapons
 a - a +2 battleaxe of freezing
 C - a +3 arbalest of freezing
 N - the +7 scimitar of Change (weapon) {drain, +Rage rPois rF- SInv}
   (You found it on level 6 of the Dungeon)

   A truly terrible weapon, it drains the life of those it strikes.
   It makes you vulnerable to fire.
   It protects you from poison.
   It lets you see invisible.
   It lets you go berserk.
Missiles
 d - 225 bolts
 h - 3 throwing nets (quivered)
Armour
 e - the +0 pair of boots of the Hanged Man (worn) {rElec rCorr Dex-2 Slay+6}
   (You found it on level 9 of the Dungeon)

   It affects your dexterity (-2).
   It affects your accuracy and damage with ranged weapons and melee attacks
   (+6).
   It insulates you from electricity.
   It provides partial protection from all sources of acid and corrosion.
 u - the +6 ring mail of Rationality (worn) {rElec Will++}
   (You found it on level 9 of the Dungeon)

   It insulates you from electricity.
   It affects your willpower, your defense against some magical effects.
 D - a +2 pair of gloves (worn)
 E - a +0 kite shield (worn)
 G - a scarf of resistance (worn)
 L - a +2 cloak of preservation
 X - the +0 chain mail "Loptim" {rPois Int-4 Stlth+}
   (Okawaru gifted it to you in an ice cave)

   It affects your intelligence (-4).
   It protects you from poison.
   It makes you more stealthy.
 Y - +0 fire dragon scales
Jewellery
 c - an uncursed ring of protection from cold
 p - a +6 ring of dexterity
 t - a +4 ring of protection (right hand)
 F - an amulet of regeneration (around neck)
 K - a +4 ring of protection (left hand)
 M - a +6 ring of dexterity
Wands
 f - a wand of paralysis (12)
 y - a wand of random effects (39)
 H - a wand of enslavement (4)
 Q - a wand of flame (62)
 U - a wand of iceblast (36)
 V - a wand of acid (8)
 W - a wand of polymorph (17)
Scrolls
 l - 11 scrolls of identify
 s - 14 scrolls of teleportation {unknown}
 v - 5 scrolls of blinking {unknown}
 x - a scroll of noise {unknown}
 A - 4 scrolls of magic mapping
 B - 5 scrolls of fog
 I - 3 scrolls of summoning {unknown}
 O - 6 scrolls of amnesia {unknown}
 R - 3 scrolls of remove curse
 T - a scroll of holy word
 Z - 8 scrolls of fear {unknown}
Potions
 b - 2 potions of might
 g - 3 potions of brilliance
 i - 5 potions of lignification
 j - 4 potions of curing
 k - 5 potions of mutation
 m - 2 potions of attraction
 n - a potion of cancellation
 o - a potion of resistance
 r - a potion of ambrosia
 z - 2 potions of magic
 J - 4 potions of flight
Miscellaneous
 q - a phantom mirror
 w - a lightning rod (4/4)
 P - a box of beasts
 S - a phantom mirror


   Skills:
 - Level 10.0 Fighting
 + Level 13.3 Long Blades
 * Level 17.2 Crossbows
 - Level 10.0 Armour
 - Level 5.0 Dodging
 - Level 2.0 Stealth
 - Level 10.0 Shields
 - Level 5.0 Spellcasting
 - Level 5.0 Hexes
 - Level 5.0 Ice Magic
 - Level 10.0 Invocations


You had 23 spell levels left.
You knew the following spells:

 Your Spells              Type           Power        Failure   Level
a - Ensorcelled Hibernat  Hex/Ice        ###...       6%          2

Your spell library contained the following spells:

 Spells                   Type           Power        Failure   Level
 Corona                   Hex            ###....      3%          1
 Confusing Touch          Hex            ###.....     12%         3
 Tukima's Dance           Hex            ###.....     12%         3
 Animate Skeleton         Necr           #.....       30%         1
 Apportation              Tloc           #.....       30%         1
 Summon Small Mammal      Summ           #...         30%         1
 Dazzling Flash           Conj/Hex       #.....       32%         3
 Passwall                 Tmut/Erth      #.......     41%         2
 Poisonous Vapours        Pois/Air       #.....       41%         2
 Mephitic Cloud           Conj/Pois/Air  #.......     65%         3
 Stone Arrow              Conj/Erth      #.....       65%         3
 Passage of Golubria      Tloc           N/A          96%         4
 Invisibility             Hex            ###.....     99%         6
 Lee's Rapid Deconstruct  Erth           #.........   100%        5
 Conjure Ball Lightning   Conj/Air       #.........   100%        6
 Statue Form              Tmut/Erth      #........    100%        6
 Swiftness                Air            Unusable     N/A         2

Dungeon Overview and Level Annotations

Branches:
Dungeon (15/15)            Temple (1/1) D:7            Lair (6/6) D:10
  Swamp (0/4) Lair:4        Snake (0/4) Lair:4        Slime (0/5) Lair:5
    Orc (0/2) D:9          Vaults (0/5) D:14         Depths (0/5) D:15
  IceCv (visited)

Altars:
Ashenzari
Cheibriados
Dithmenos
Elyvilon
Fedhas
Hepliaklqana
Kikubaaqudgha
Makhleb
Okawaru
Qazlal
Sif Muna
Uskayaw
Wu Jian
Xom
Zin
The Shining One

Shops:
D:15 =

Annotations:
Lair:3 1 runed translucent door, YoungGLord's ghost, adept GrEE
Lair:6 Snorg


Innate Abilities, Weirdness & Mutations

You cannot be hasted, slowed, berserked, paralysed or teleported.
You can dig through walls and to a lower floor.
Your four strong arms can wield two-handed weapons with a shield.
You have a pair of large antennae on your head. (SInv)


Message History

Okay, then.
You slash the meliai! You drain the meliai.
The meliai is heavily wounded.
The meliai hits you but does no damage. You block the meliai's attack.
The warg bites you but does no damage.
You slice the meliai!!
You kill the meliai!
Okawaru accepts your kill.
You hit the warg. You drain the warg.
You kill the warg!
Okawaru accepts your kill.
The orc knight roars a battlecry!
Found a staircase to the Depths.
There is an open door here.
The orc knight roars a battlecry!
There is a staircase to the Depths here.
The manticore flicks its tail.
The volley of spikes hits you!
The barbed spikes become lodged in your body.
You die...

.............o...................
............#)).####.............
..........≈o#.≈.#..#.............
..........ou#{..#..#.............
$........###H###.# #.............
...........#...## ...........
.......≈.#o≈.# ...........
.......#...## ...........
....###.###@# ........... ....
..# ### ......).... ... #..
........... .. ## ...........
........... .......))).
########... ..#... #.#.#.#.#


You could see an orc knight, a red ugly thing, a manticore and 2 orcs.

Vanquished Creatures
  Rupert (Lair:5)
  A frost giant (IceCv)
  2 entropy weavers (Lair:5)
  A dire elephant (D:15)
  7 hydras
  A rakshasa (D:13)
  A centaur warrior (D:13)
  7 two-headed ogres
  2 dancing weapons (D:14)
  A death knight (D:13)
  A queen ant (Lair:5)
  4 death yaks
  Sonja (D:10)
  7 skeletal warriors
  2 unseen horrors
  A phantasmal warrior (D:13)
  5 ugly things
  A salamander (D:15)
  A wolf spider zombie (D:15)
  6 manticores
  2 oklob plants (Lair:5)
  4 cyclopes
  A deep elf mage (D:14)
  9 black mambas
  3 centaur zombies
  Maurice (D:10)
  An ice statue (IceCv)
  12 cane toads
  Maggie (Lair:1)
  A gargoyle (D:11)
  7 komodo dragons
  2 rime drakes
  2 freezing wraiths (D:13)
  2 ice devils (D:12)
  7 trolls
  24 polar bears
  6 meliai (D:15)
  A hornet (D:11)
  Prince Ribbit (D:4)
  2 raiju (Lair:6)
  5 removed hippogriffs
  24 blink frogs
  A meliai zombie (D:13)
  2 bog bodies (Lair:4)
  A shadow (D:13)
  2 wraiths
  33 yaks
  4 wyverns
  3 vampires
  2 basilisks (Lair:6)
  4 vampire mosquitoes (D:13)
  A steam dragon (Lair:2)
  5 wargs
  A swamp worm (Lair:4)
  A warg (shapeshifter) (D:13)
  24 soldier ants (Lair:5)
  15 hell hounds (Lair:6)
  An acid dragon (D:13)
  A water moccasin (shapeshifter) (D:13)
  18 water moccasins
  4 removed porcupines
  10 orc warriors
  4 phantoms
  4 ice beasts
  4 sky beasts
  An eye of draining (D:12)
  A hornet zombie (D:15)
  5 necrophages
  11 black bears (Lair:6)
  37 wolves
  2 ogres
  13 centaurs
  6 removed crocodiles
  6 ghosts
  2 big kobolds
  21 bullfrogs
  A gnoll sergeant (D:11)
  A wyvern skeleton (D:10)
  A water moccasin zombie (D:8)
  5 scorpions
  8 killer bees
  A troll skeleton (D:14)
  5 wights
  4 electric eels
  11 howler monkeys
  A spectral bullfrog (D:6)
  5 spriggan skeletons (D:14)
  A bullfrog zombie (D:5)
  3 jellies
  A quasit (D:12)
  Crazy Yiuf (D:6)
  7 hounds
  9 orc priests
  6 bullfrog skeletons
  A gnoll shaman (D:8)
  4 centaur skeletons
  Terence (D:3)
  5 iguanas
  17 orc wizards
  Natasha (D:3)
  2 hell rats (D:9)
  33 worker ants
  The ghost of ANON1729 the Sneak, a weakling DsDe (D:6)
  2 hound zombies
  2 hound skeletons
  A mummy (D:6)
  2 worker ant zombies
  15 gnolls
  A howler monkey skeleton (D:5)
  17 adders
  2 river rats (D:10)
  A shadow imp (D:5)
  3 white imps (D:5)
  An ufetubus (D:5)
  2 oozes
  A spectral adder (D:6)
  An adder zombie (D:8)
  4 worms
  6 dart slugs
  5 leopard geckos
  45 orcs
  2 ball pythons
  A giant cockroach (D:1)
  4 hobgoblins
  6 jackals
  4 quokkas
  9 bats
  10 frilled lizards
  16 kobolds
  8 rats
728 creatures vanquished.

Vanquished Creatures (others)
  A yak (IceCv)
  29 fungi
  48 plants
  5 withered plants (D:8)
83 creatures vanquished.

Grand Total: 811 creatures vanquished

Notes
Turn   | Place    | Note
-------+----------+-------------------------------------------
     0 | D:1      | Devinter the Formicid Hunter began the quest for the Orb.
     0 | D:1      | Reached XP level 1. HP: 16/16 MP: 1/1
   286 | D:1      | Reached XP level 2. HP: 23/23 MP: 2/2
   344 | D:1      | Reached skill level 2 in Dodging
   645 | D:1      | Reached XP level 3. HP: 28/28 MP: 3/3
   760 | D:2      | Reached skill level 2 in Stealth
   991 | D:2      | Reached XP level 4. HP: 26/34 MP: 4/4
  1319 | D:2      | Reached skill level 3 in Fighting
  1376 | D:2      | Reached skill level 5 in Crossbows
  1696 | D:3      | Noticed Terence
  1829 | D:3      | Reached XP level 5. HP: 41/41 MP: 5/5
  1959 | D:3      | Reached skill level 6 in Crossbows
  2045 | D:3      | Killed Terence
  2045 | D:3      | Reached XP level 6. HP: 47/47 MP: 6/6
  2101 | D:3      | Noticed Natasha
  2107 | D:3      | Killed Natasha
  2634 | D:3      | Found a snail-covered altar of Cheibriados.
  2762 | D:4      | Reached skill level 7 in Crossbows
  3265 | D:4      | Reached XP level 7. HP: 50/52 MP: 7/7
  3416 | D:5      | Entered Level 5 of the Dungeon
  3416 | D:5      | Noticed Prince Ribbit
  3435 | D:4      | Killed Prince Ribbit
  3435 | D:4      | Reached skill level 8 in Crossbows
  3689 | D:5      | Reached XP level 8. HP: 55/58 MP: 8/8
  3707 | D:5      | Reached skill level 9 in Crossbows
  3957 | D:5      | Found a glowing golden altar of the Shining One.
  3980 | D:5      | Found a hide-covered altar of Uskayaw.
  4121 | D:5      | Reached skill level 10 in Crossbows
  4309 | D:6      | Reached skill level 1 in Shields
  4325 | D:6      | Reached skill level 4 in Fighting
  4325 | D:6      | Reached skill level 2 in Shields
  4387 | D:6      | Found a transporter.
  4413 | D:6      | Found a transporter.
  4413 | D:6      | Noticed ANON1729's ghost (weakling DsDe)
  4443 | D:6      | Reached skill level 3 in Shields
  4577 | D:6      | Found a runed translucent door.
  4578 | D:6      | Noticed Crazy Yiuf
  4586 | D:6      | Killed Crazy Yiuf
  4586 | D:6      | Reached XP level 9. HP: 66/66 MP: 9/9
  4615 | D:6      | Found an ornate altar of the Wu Jian Council.
  4616 | D:6      | Found a shadowy altar of Dithmenos.
  4616 | D:6      | Found an ancient bone altar of Kikubaaqudgha.
  4677 | D:6      | Got an iridescent scimitar
  4707 | D:6      | Identified the +7 scimitar of Change {drain, +Rage rPois
                  | rF- SInv} (You found it on level 6 of the Dungeon)
  4804 | D:6      | Killed ANON1729's ghost
  4832 | D:6      | Reached skill level 5 in Fighting
  4832 | D:6      | Reached skill level 4 in Shields
  4927 | D:7      | Found a staircase to the Ecumenical Temple.
  4940 | Temple   | Entered the Ecumenical Temple
  4976 | Temple   | Became a worshipper of Warmaster Okawaru
  5041 | D:7      | Reached skill level 5 in Shields
  5041 | D:7      | Reached skill level 2 in Invocations
  5048 | D:7      | Reached skill level 3 in Invocations
  5059 | D:7      | Reached skill level 4 in Invocations
  5145 | D:7      | Reached skill level 5 in Invocations
  5188 | D:7      | Found a hazy altar of Hepliaklqana.
  5189 | D:7      | Found a shimmering altar of Xom.
  5190 | D:7      | Noticed a spectral ugly thing
  5203 | D:7      | Reached skill level 1 in Armour
  5257 | D:7      | Reached * piety under Okawaru
  5257 | D:7      | Reached skill level 2 in Armour
  5544 | D:8      | Noticed a two-headed ogre
  5559 | D:7      | Killed a two-headed ogre
  5559 | D:7      | Reached ** piety under Okawaru
  5559 | D:7      | Reached skill level 4 in Armour
  5559 | D:7      | Reached skill level 4 in Dodging
  5559 | D:7      | Reached XP level 10. HP: 56/74 MP: 10/13
  5581 | D:8      | Reached skill level 5 in Armour
  5661 | D:8      | Reached skill level 5 in Dodging
  5665 | D:8      | Got a transparent short sword
  5680 | D:8      | Identified the +9 short sword of Devomur {vorpal, rC+
                  | Int+5} (You found it on level 8 of the Dungeon)
  5706 | D:8      | Reached skill level 6 in Invocations
  5779 | D:8      | Reached skill level 7 in Invocations
  5910 | D:8      | Reached *** piety under Okawaru
  6007 | D:8      | Reached skill level 8 in Invocations
  6485 | D:8      | Reached skill level 9 in Invocations
  6575 | D:9      | Found a burning altar of Makhleb.
  6575 | D:9      | Found a stormy altar of Qazlal.
  6577 | D:9      | Found a blossoming altar of Fedhas.
  6620 | D:9      | Received a gift from Okawaru
  6635 | D:9      | Upgraded the game from 0.26-a0-597-gb535b0901c to
                  | 0.26-a0-648-g87339cca5e
  6681 | D:9      | HP: 5/73 [orc warrior/+0 battleaxe (4)]
  6856 | D:9      | Reached skill level 10 in Invocations
  6894 | D:9      | Found a staircase to the Orcish Mines.
  6944 | D:9      | Reached XP level 11. HP: 78/78 MP: 18/18
  7302 | D:9      | Got a bloodstained ring mail
  7315 | D:9      | Identified the +6 ring mail of Rationality {rElec MR++}
                  | (You found it on level 9 of the Dungeon)
  7424 | D:9      | Found a white marble altar of Elyvilon.
  7464 | D:9      | Got a pair of ichor-stained boots
  7466 | D:9      | Identified the +0 pair of boots of the Hanged Man {rElec
                  | rCorr Dex-2 Slay+6} (You found it on level 9 of the
                  | Dungeon)
  7494 | D:10     | Entered Level 10 of the Dungeon
  7526 | D:10     | Noticed Sonja
  7535 | D:10     | Noticed a two-headed ogre
  7536 | D:10     | Killed Sonja
  7538 | D:10     | Noticed Maurice
  7543 | D:10     | HP: 6/78 [two-headed ogre/+0 giant spiked club (12)]
  7545 | D:10     | Killed a two-headed ogre
  7545 | D:10     | Reached **** piety under Okawaru
  7545 | D:10     | Reached skill level 11 in Crossbows
  7545 | D:10     | Reached skill level 6 in Armour
  7545 | D:10     | Reached skill level 6 in Shields
  7554 | D:10     | Killed Maurice
  7680 | D:10     | Identified a scroll of acquirement
  7717 | D:10     | Acquired a manual of Long Blades
  7770 | D:10     | Noticed a death yak
  7776 | D:10     | Noticed a death yak
  7787 | D:9      | Killed a death yak
  7787 | D:9      | Reached skill level 1 in Long Blades
  7789 | D:10     | Noticed a death yak
  7806 | D:9      | Killed a death yak
  7806 | D:9      | Received a gift from Okawaru
  7806 | D:9      | Reached skill level 2 in Long Blades
  7945 | D:10     | Reached skill level 3 in Long Blades
  7945 | D:10     | Reached skill level 7 in Shields
  7948 | D:10     | Noticed a two-headed ogre
  7964 | D:10     | Found a staircase to the Lair.
  8007 | D:10     | Killed a death yak
  8018 | D:10     | Reached skill level 7 in Armour
  8020 | D:10     | Reached ***** piety under Okawaru
  8062 | D:10     | Reached skill level 4 in Long Blades
  8147 | D:10     | Killed a two-headed ogre
  8147 | D:10     | Reached XP level 12. HP: 86/86 MP: 19/19
  8395 | Lair:1   | Entered Level 1 of the Lair of Beasts
  8522 | Lair:1   | Reached skill level 5 in Long Blades
  8579 | Lair:1   | Received a gift from Okawaru
  8579 | Lair:1   | Reached skill level 8 in Shields
  8697 | Lair:1   | Noticed Maggie
  8718 | Lair:1   | Killed Maggie
  8820 | Lair:1   | Received a gift from Okawaru
  8820 | Lair:1   | Reached skill level 6 in Long Blades
  8882 | Lair:1   | Reached skill level 8 in Armour
  9298 | Lair:2   | Noticed a six-headed hydra
  9323 | Lair:2   | Killed a nine-headed hydra
  9323 | Lair:2   | Reached skill level 7 in Long Blades
  9323 | Lair:2   | Reached skill level 12 in Crossbows
  9331 | Lair:2   | Reached skill level 9 in Shields
  9462 | Lair:2   | Identified Wadiucug's Grimoire of the Rocks and the Birds
  9469 | Lair:2   | Learned a level 2 spell: Ensorcelled Hibernation
  9945 | Lair:3   | Reached skill level 1 in Spellcasting
 10011 | Lair:3   | Received a gift from Okawaru
 10012 | Lair:3   | Got a brightly glowing troll leather armour {god gift}
 10024 | Lair:3   | Identified the +3 troll leather armour of Pasofut {Regen+
                  | Int+2} (Okawaru gifted it to you on level 3 of the Lair of
                  | Beasts)
 10181 | Lair:3   | Found a runed translucent door.
 10184 | Lair:3   | Noticed YoungGLord's ghost (adept GrEE)
 10330 | Lair:3   | Reached skill level 8 in Long Blades
 10707 | Lair:4   | Reached skill level 2 in Spellcasting
 10711 | Lair:4   | Reached skill level 9 in Armour
 10711 | Lair:4   | Reached XP level 13. HP: 90/90 MP: 17/20
 10752 | Lair:4   | Reached skill level 1 in Hexes
 10762 | Lair:4   | Found a staircase to the Snake Pit.
 10770 | Lair:4   | Reached skill level 1 in Ice Magic
 10802 | Lair:4   | Reached skill level 2 in Hexes
 10908 | Lair:4   | Reached skill level 2 in Ice Magic
 10936 | Lair:4   | Reached skill level 9 in Long Blades
 10936 | Lair:4   | Reached skill level 10 in Shields
 11089 | Lair:4   | Noticed a six-headed hydra
 11100 | Lair:4   | Killed a six-headed hydra
 11277 | Lair:4   | Noticed a four-headed hydra
 11289 | Lair:4   | Killed a four-headed hydra
 11314 | Lair:4   | Found a staircase to the Swamp.
 11329 | Lair:4   | Reached skill level 10 in Long Blades
 11329 | Lair:4   | Reached skill level 10 in Armour
 11414 | Lair:4   | Got a fading shortbow
 11779 | Lair:4   | Reached skill level 13 in Crossbows
 11905 | Lair:5   | Noticed Rupert
 11921 | Lair:5   | Killed Rupert
 11964 | Lair:5   | Received a gift from Okawaru
 11989 | Lair:5   | Reached skill level 14 in Crossbows
 11990 | Lair:5   | Noticed an entropy weaver
 11995 | Lair:5   | Killed an entropy weaver
 11995 | Lair:5   | Received a gift from Okawaru
 11998 | Lair:5   | Reached XP level 14. HP: 85/97 MP: 21/21
 12078 | Lair:5   | Received a gift from Okawaru
 12257 | Lair:5   | Found a staircase to the Slime Pits.
 12307 | Lair:5   | Noticed an entropy weaver
 12317 | Lair:5   | Killed an entropy weaver
 12317 | Lair:5   | Reached ****** piety under Okawaru
 12442 | Lair:5   | Reached skill level 3 in Hexes
 12814 | Lair:6   | Entered Level 6 of the Lair of Beasts
 12814 | Lair:6   | Noticed Snorg
 12864 | Lair:6   | Reached skill level 3 in Spellcasting
 12864 | Lair:6   | Reached skill level 3 in Ice Magic
 13037 | Lair:6   | Received a gift from Okawaru
 13136 | Lair:6   | Upgraded the game from 0.26-a0-648-g87339cca5e to
                  | 0.26-a0-1038-gfb849e850a
 13149 | Lair:6   | Reached skill level 4 in Hexes
 13203 | Lair:6   | Reached skill level 6 in Fighting
 13208 | Lair:6   | Received a gift from Okawaru
 13594 | Lair:6   | Reached skill level 4 in Spellcasting
 13666 | Lair:6   | Reached skill level 4 in Ice Magic
 13748 | Lair:6   | Received a gift from Okawaru
 13759 | Lair:6   | Reached skill level 15 in Crossbows
 13791 | Lair:6   | Reached skill level 5 in Hexes
 13956 | Lair:6   | Received a gift from Okawaru
 14431 | D:11     | Received a gift from Okawaru
 14432 | D:11     | Reached XP level 15. HP: 106/106 MP: 22/22
 14679 | D:11     | Reached skill level 7 in Fighting
 15244 | D:12     | Reached skill level 5 in Spellcasting
 15244 | D:12     | Reached skill level 5 in Ice Magic
 15289 | D:12     | Found a blossoming altar of Fedhas.
 15460 | D:12     | Found a frozen archway.
 15471 | D:12     | Reached skill level 11 in Long Blades
 15486 | IceCv    | Entered an ice cave
 15934 | IceCv    | Reached skill level 8 in Fighting
 15982 | IceCv    | Noticed a frost giant
 15994 | IceCv    | Received a gift from Okawaru
 15996 | IceCv    | Got a fading chain mail {god gift}
 16001 | IceCv    | Identified the +0 chain mail "Loptim" {rPois Int-4 Stlth+}
                  | (Okawaru gifted it to you in an ice cave)
 16011 | IceCv    | Killed a frost giant
 16017 | IceCv    | Reached skill level 16 in Crossbows
 16614 | D:13     | Reached skill level 12 in Long Blades
 17856 | D:13     | Reached skill level 9 in Fighting
 18050 | D:14     | Reached XP level 16. HP: 102/120 MP: 23/23
 18107 | D:14     | HP: 8/120 [white ugly thing (14)]
 18143 | D:13     | Received a gift from Okawaru
 18519 | D:14     | Found a gate to the Vaults.
 18528 | D:14     | Reached skill level 13 in Long Blades
 18683 | D:14     | Found Eroifaxt's Book Emporium.
 18866 | D:14     | Received a gift from Okawaru
 19064 | D:14     | Reached skill level 17 in Crossbows
 19165 | D:15     | Entered Level 15 of the Dungeon
 19165 | D:15     | Found Onkibliu's Jewellery Boutique.
 19238 | D:15     | Received a gift from Okawaru
 19565 | D:15     | HP: 3/122 [meliai/divine providence (12)]
 19572 | D:15     | HP: 6/122 [meliai/+0 war axe (2)]
 19815 | D:15     | HP: 4/122 [meliai/divine providence (16)]
 19818 | D:15     | Reached skill level 10 in Fighting
 19818 | D:15     | HP: 1/122 [meliai/divine providence (12)]
 19823 | D:15     | Found a staircase to the Depths.
 19829 | D:15     | Killed from afar by a manticore

Illustrated notes

Levels and vault maps discovered:
D:1:      nzn_arrival_settlement, layout_basic
D:2:      layout_basic, corner_web_ring
D:3:      layout_basic, kennysheep_slug_shrine, uniq_natasha, uniq_terence
D:4:      layout_cave_pools, corexii_hall_statues_i
D:5:      layout_cave_pools, lemuel_round_altar, basic_altar,
          uniq_prince_ribbit1
D:6:      layout_rooms, nicolae_overflow_hidden_temple,
          gammafunk_ghost_mausoleum, grunt_decor_cap, uniq_crazy_yiuf_cottage
D:7:      layout_loops_ring, regret_index_temple_of_mockery,
          minmay_temple_entry_proselytizer
D:8:      layout_basic, serial_undead, serial_undead_b, serial_undead_c,
          serial_undead_b, serial_undead_b, kennysheep_dice
D:9:      layout_small_grid, grunt_temple_overflow_open, david_orc_4,
          kennysheep_potato
D:10:     layout_cave_pools, dpeg_lair_monsters, hangedman_decor_lopped,
          uniq_maurice, uniq_sonja
D:11:     layout_loops_ring
D:12:     layout_basic, portal_ice_cave_demonic_guard, fedhas_altar_fruit_tree
D:13:     layout_layer_cave, wad_rectangle_vault
D:14:     layout_roguey, erik_vaults_1, serial_shops,
          nicolae_shop_competitors_out_of_business,
          hangedman_abyss_or_decor_clamps, hangedman_tell_no_tales
D:15:     hangedman_depths_entry_try_elsewhere_first, layout_grid_maze,
          minmay_misc_feat_doors, serial_shops, shop
Temple:   minmay_temple_curvy_loop
Lair:1:   layout_chaotic_city, serial_bayou_shore_b, uniq_maggie
Lair:2:   layout_long_grid, beast_lair_carwin_10, lemuel_fruit_fields
Lair:3:   layout_cave_pods, hellmonk_ghost_happy_afterlife
Lair:4:   cheibrodos_lair_river_kwai, layout_loops_ring,
          nicolae_swamp_entry_splash_gauntlet, minmay_snake_entry_six_corridors,
          eino_small_chamber_without_monster
Lair:5:   layout_gridlike, minmay_slime_entry_oklob_open, zaba_anthell,
          lemuel_fruit_tree, infiniplex_staircase_pool, uniq_rupert
Lair:6:   hangedman_lair_caniforms_friends, layout_cave_pods, uniq_snorg

Skill      XL: |  1  2  3  4  5  6  7  8  9 10 11 12 13 14 15 16 |
---------------+-------------------------------------------------+-----
Dodging        | 2 4 5 |  5.0
Stealth        | 2 |  2.0
Fighting       | 3 4 5 6 9 10 | 10.0
Crossbows      | 5 6 7 8 10 11 12 14 15 16 17 | 17.2
Shields        | 3 5 7 9 10 | 10.0
Invocations    | 5 10 | 10.0
Armour         | 4 5 7 9 10 | 10.0
Long Blades    | 4 8 10 12 13 | 13.3
Spellcasting   | 2 4 5 |  5.0
Hexes          | 2 5 |  5.0
Ice Magic      | 2 4 5 |  5.0

Action                   |  1- 3 |  4- 6 |  7- 9 | 10-12 | 13-15 | 16-18 || total
-------------------------+-------+-------+-------+-------+-------+-------++-------
Melee: Short sword       |       |    34 |     4 |       |       |       ||    38
       Scimitar          |       |       |    72 |   428 |   960 |   236 ||  1696
 Fire: Hand crossbow     |    40 |   121 |   192 |   151 |    21 |       ||   525
       Arbalest          |       |       |       |       |   264 |    16 ||   280
       Triple crossbow   |       |       |       |       |     4 |       ||     4
Throw: Javelin           |       |       |     2 |       |       |       ||     2
       Throwing net      |       |       |       |       |     1 |       ||     1
 Cast: Ensorcelled Hiber |       |       |       |       |     7 |       ||     7
Invok: Heroism           |       |       |     1 |     5 |     4 |     1 ||    11
       Finesse           |       |       |       |       |       |     2 ||     2
 Abil: Dig               |       |     1 |     2 |     2 |     2 |     3 ||    10
Evoke: Wand              |       |       |       |     4 |     5 |       ||     9
  Use: Scroll            |       |     6 |     3 |    10 |    14 |       ||    33
       Potion            |       |       |       |     1 |     1 |     5 ||     7
 Stab: Sleeping          |       |       |       |     1 |     3 |     1 ||     5
       Held in net/web   |       |       |       |       |     3 |       ||     3
Armor: Chain mail        |     2 |    26 |       |       |       |       ||    28
       Scale mail        |       |    17 |    77 |   126 |       |       ||   220
       Ring mail         |       |       |       |   118 |   424 |    75 ||   617
Dodge: Dodged            |     1 |    40 |    80 |   283 |   467 |    80 ||   951
Block: Other             |       |       |     7 |       |       |       ||     7
       Kite shield       |       |       |    22 |   334 |   566 |   108 ||  1030
       Rpst.: Scimitar   |       |       |    17 |    52 |    89 |     9 ||   167

Table legend: (Time is in decaauts)
 A = Elapsed time spent in this place.
 B = Non-inter-level travel time spent in this place.
 C = Inter-level travel time spent in this place.
 D = Time resting spent in this place.
 E = Time spent auto-exploring this place.
 F = Levels seen in this place.
 G = Mean time per level.
                   A        B        C        D        E       F      G
               +--------+--------+--------+--------+--------+-----+--------+
         Total |  19842 |  19141 |    701 |   1665 |   3556 |  23 |  862.7 |
       Dungeon |  13214 |  12749 |    465 |   1352 |   2079 |  15 |  880.9 |
        Temple |     65 |     65 |      0 |      0 |      0 |   1 |   65.0 |
          Lair |   5840 |   5604 |    236 |    152 |   1477 |   6 |  973.3 |
      Ice Cave |    721 |    721 |      0 |    161 |      0 |   1 |  721.0 |
               +--------+--------+--------+--------+--------+-----+--------+

Top non-repeatable levels by time:
    D:13: 1594 daAuts
  Lair:6: 1325 daAuts
  Lair:4: 1174 daAuts
     D:8: 1088 daAuts
     D:9: 1085 daAuts
     D:2: 1042 daAuts
     D:3: 1034 daAuts
    D:14: 1006 daAuts
  Lair:5: 987 daAuts
     D:4: 934 daAuts
  Lair:3: 808 daAuts
  Lair:2: 801 daAuts
    D:11: 799 daAuts
    D:10: 785 daAuts
  Lair:1: 742 daAuts
